[Event "FICS rated blitz game"]
[Site "FICS freechess.org"]
[FICSGamesDBGameNo "20001021"]
[White "Cocoliso"]
[Black "MartinG"]
[WhiteElo "1694"]
[BlackElo "1718"]
[WhiteRD "na"]
[BlackRD "na"]
[TimeControl "240+0"]
[Date "1999.06.22"]
[Time "23:39:00"]
[WhiteClock "0:04:00.000"]
[BlackClock "0:04:00.000"]
[ECO "B22"]
[PlyCount "72"]
[Result "0-1"]

1. e4 c5 2. Nf3 e6 3. c3 d5 4. exd5 Qxd5 5. d4 Nc6 6. Be3 Nf6 7. Be2 Be7 8. O-O O-O 9. Nbd2 cxd4 10. Nxd4 Nxd4 11. Bxd4 e5 12. Bf3 e4 13. Be2 Rd8 14. Re1 Bf5 15. Bc4 Qd6 16. Qb3 Rf8 17. Rad1 Rab8 18. Nf1 Qf4 19. Ng3 Ng4 20. h3 Nh6 21. Bxa7 Ra8 22. Be3 Qe5 23. Bxh6 gxh6 24. Nxf5 Qxf5 25. Bd5 e3 26. fxe3 Bc5 27. Kh1 Rfe8 28. e4 Qe5 29. Qxb7 Bd6 30. Qxf7+ Kh8 31. g3 Rf8 32. Qe6 Qxg3 33. e5 Rf2 34. Qf6+ Rxf6 35. Bg2 Rf2 36. Rg1 Bxe5 {White forfeits on time} 0-1

[Event "FICS rated standard game"]
[Site "FICS freechess.org"]
[FICSGamesDBGameNo "20001020"]
[White "Micaiah"]
[Black "dgilchrist"]
[WhiteElo "1498"]
[BlackElo "1813"]
[WhiteRD "na"]
[BlackRD "na"]
[TimeControl "1200+0"]
[Date "1999.06.22"]
[Time "22:22:00"]
[WhiteClock "0:20:00.000"]
[BlackClock "0:20:00.000"]
[ECO "A48"]
[PlyCount "66"]
[Result "0-1"]

1. d4 Nf6 2. Nf3 g6 3. Nbd2 Bg7 4. e3 O-O 5. Bd3 d6 6. c3 Nbd7 7. e4 e5 8. O-O Qe7 9. d5 Nc5 10. Bc2 Ne8 11. b4 Nd7 12. Nc4 Nb6 13. Na3 f5 14. Bg5 Qf7 15. Nh4 f4 16. Bb3 h6 17. Bxf4 exf4 18. Rc1 g5 19. Nf5 Bxf5 20. exf5 Qxf5 21. Bc2 Qxd5 22. Qh5 Qc6 23. Qg6 Nf6 24. Bb3+ Kh8 25. b5 Qe8 26. Qb1 Qh5 27. Bd1 g4 28. h3 f3 29. Qd3 Nbd5 30. Re1 Nf4 31. Qc4 Nxh3+ 32. Kf1 Nf4 33. Qxf4 Qh1# {White checkmated} 0-1

[Event "FICS rated blitz game"]
[Site "FICS freechess.org"]
[FICSGamesDBGameNo "20001019"]
[White "dog"]
[Black "Ornitorinco"]
[WhiteElo "1891"]
[BlackElo "1934"]
[WhiteRD "na"]
[BlackRD "na"]
[TimeControl "120+12"]
[Date "1999.06.22"]
[Time "18:05:00"]
[WhiteClock "0:02:00.000"]
[BlackClock "0:02:00.000"]
[ECO "B13"]
[PlyCount "76"]
[Result "0-1"]

1. e4 c6 2. d4 d5 3. exd5 cxd5 4. Bd3 Nc6 5. c3 Nf6 6. Nf3 Bg4 7. h3 Bxf3 8. Qxf3 e6 9. O-O h6 10. Bf4 Bd6 11. Nd2 O-O 12. Rfe1 Rb8 13. Be5 Bxe5 14. dxe5 Nd7 15. Qg3 b5 16. Nf3 b4 17. c4 Nc5 18. Bf1 Qb6 19. Nd2 d4 20. Ne4 Nd7 21. Nd2 Rbd8 22. b3 Rfe8 23. Re4 Nf8 24. Rh4 Ng6 25. Rh5 Qc7 26. Re1 Nce7 27. Bd3 a5 28. Nf3 Qc5 29. Nh4 Nxh4 30. Rxh4 Nf5 31. Bxf5 exf5 32. Rxh6 f4 33. Qg5 Qe7 34. Qxe7 Rxe7 35. Rh4 d3 36. Rxf4 d2 37. Rd1 Rxe5 38. Kf1 Rde8 {White resigns} 0-1

[Event "FICS rated blitz game"]
[Site "FICS freechess.org"]
[FICSGamesDBGameNo "20001018"]
[White "ipa"]
[Black "imaestro"]
[WhiteElo "1011"]
[BlackElo "1401"]
[WhiteRD "na"]
[BlackRD "na"]
[TimeControl "180+0"]
[Date "1999.06.22"]
[Time "07:26:00"]
[WhiteClock "0:03:00.000"]
[BlackClock "0:03:00.000"]
[ECO "D02"]
[PlyCount "48"]
[Result "0-1"]

1. d4 d5 2. Nf3 c6 3. e3 Bf5 4. Bd3 Bxd3 5. Qxd3 e6 6. Nc3 Nf6 7. Ne5 a6 8. O-O Bd6 9. b3 O-O 10. a4 Qa5 11. Bd2 Bb4 12. f4 Nfd7 13. Ng4 c5 14. f5 cxd4 15. Qxd4 Nc6 16. Qd3 d4 17. exd4 Nxd4 18. Qxd4 Bc5 19. Qxc5 Nxc5 20. fxe6 fxe6 21. Rxf8+ Rxf8 22. Ne5 Qb6 23. Kh1 Qd6 24. Re1 Qxd2 {White forfeits on time} 0-1

[Event "FICS rated blitz game"]
[Site "FICS freechess.org"]
[FICSGamesDBGameNo "20001017"]
[White "Taps"]
[Black "ehiggi"]
[WhiteElo "1485"]
[BlackElo "1452"]
[WhiteRD "na"]
[BlackRD "na"]
[TimeControl "120+12"]
[Date "1999.06.21"]
[Time "17:28:00"]
[WhiteClock "0:02:00.000"]
[BlackClock "0:02:00.000"]
[ECO "C41"]
[PlyCount "95"]
[Result "1-0"]

1. e4 e5 2. Nf3 d6 3. Bc4 Be7 4. O-O Nf6 5. Re1 O-O 6. c3 c6 7. Bb3 Nbd7 8. d4 exd4 9. cxd4 d5 10. e5 Ne4 11. Nbd2 Ng5 12. Nf1 Ne6 13. Ng3 g6 14. Bh6 Ng7 15. Qd2 Nb6 16. Bc2 f6 17. Qe2 fxe5 18. Nxe5 Bg5 19. Bxg5 Qxg5 20. Nf3 Qf6 21. Qe5 Nc4 22. Qxf6 Rxf6 23. b3 Nd6 24. Ne5 Bf5 25. Nxf5 Ngxf5 26. Rad1 Re8 27. Nd7 Rxe1+ 28. Rxe1 Rf7 29. Bxf5 Nxf5 30. Ne5 Re7 31. Rd1 c5 32. Kf1 Nxd4 33. Nd3 b6 34. b4 Ne6 35. Ne5 d4 36. bxc5 bxc5 37. Nc4 Rc7 38. Rb1 Kf7 39. Rb3 Kf6 40. Rf3+ Kg7 41. Rb3 Ng5 42. h4 Ne4 43. Ke2 Re7 44. Kf3 Nf6 45. Rb5 Rf7 46. Kf4 Nd7+ 47. Kg3 d3 48. f3 {Black forfeits on time} 1-0

[Event "FICS rated blitz game"]
[Site "FICS freechess.org"]
[FICSGamesDBGameNo "20001016"]
[White "kegenzab"]
[Black "ehiggi"]
[WhiteElo "1532"]
[BlackElo "1452"]
[WhiteRD "na"]
[BlackRD "na"]
[TimeControl "240+12"]
[Date "1999.06.21"]
[Time "17:12:00"]
[WhiteClock "0:04:00.000"]
[BlackClock "0:04:00.000"]
[ECO "D35"]
[PlyCount "108"]
[Result "0-1"]

1. c4 e6 2. Nc3 d5 3. cxd5 exd5 4. d4 Nf6 5. Bg5 Be7 6. g3 c6 7. Bg2 h6 8. Bf4 O-O 9. Nf3 Bf5 10. O-O Nbd7 11. Re1 Ne4 12. Nxe4 dxe4 13. Nd2 Nf6 14. Be3 Re8 15. a3 Bf8 16. Qb3 Qd7 17. h3 Be6 18. Qc2 Bxh3 19. Kh2 Bxg2 20. Kxg2 Ng4 21. Bf4 e3 22. fxe3 Rxe3 23. Qc4 b5 24. Qc1 Qd5+ 25. Nf3 Ree8 26. b4 g5 27. Be5 f6 28. e4 Qd7 29. Nxg5 fxe5 30. Nf3 exd4 31. Qf4 Qg7 32. e5 Be7 33. Nxd4 Rf8 34. Ne6 Rxf4 35. Nxg7 Rf2+ 36. Kh3 Kxg7 37. Kxg4 Rg8 38. Rad1 Kf7+ 39. Kh3 Rf3 40. Rg1 h5 41. Kh2 Rf2+ 42. Rg2 Rxg2+ 43. Kxg2 h4 44. Rd3 hxg3 45. Rd7 Ke6 46. Rxa7 Bh4 47. Ra6 Kd5 48. e6 Re8 49. a4 Rxe6 50. a5 Re2+ 51. Kh3 g2 52. Kh2 Bf6 53. Ra8 Be5+ 54. Kg1 Bd4+ {White resigns} 0-1

[Event "FICS rated blitz game"]
[Site "FICS freechess.org"]
[FICSGamesDBGameNo "20001015"]
[White "Timogen"]
[Black "THEBOLD"]
[WhiteElo "1742"]
[BlackElo "1896"]
[WhiteRD "na"]
[BlackRD "na"]
[TimeControl "180+0"]
[Date "1999.06.21"]
[Time "13:59:00"]
[WhiteClock "0:03:00.000"]
[BlackClock "0:03:00.000"]
[ECO "C61"]
[PlyCount "70"]
[Result "0-1"]

1. e4 e5 2. Nf3 Nc6 3. Bb5 Nd4 4. Nxd4 exd4 5. O-O c6 6. Ba4 Nf6 7. c3 dxc3 8. Nxc3 d5 9. exd5 Nxd5 10. d4 Nxc3 11. bxc3 Be7 12. Re1 O-O 13. Bc2 Bf6 14. Qd3 g6 15. Ba3 Re8 16. Qd2 Rxe1+ 17. Rxe1 Be6 18. Bb3 Bxb3 19. axb3 Qd5 20. b4 b5 21. Bc1 Qd7 22. Qf4 Bg7 23. Qe4 Bf8 24. Bf4 a5 25. bxa5 Rxa5 26. h4 Ra2 27. h5 Rb2 28. hxg6 hxg6 29. Be5 Bg7 30. Bxg7 Kxg7 31. Qe5+ Kg8 32. Qf6 Ra2 33. Re7 Ra1+ 34. Kh2 Qd6+ 35. g3 Qxf6 {White resigns} 0-1

[Event "FICS rated lightning game"]
[Site "FICS freechess.org"]
[FICSGamesDBGameNo "20001014"]
[White "cassanunda"]
[Black "ShogunNix"]
[WhiteElo "1721"]
[BlackElo "1657"]
[WhiteRD "na"]
[BlackRD "na"]
[TimeControl "60+0"]
[Date "1999.06.21"]
[Time "13:16:00"]
[WhiteClock "0:01:00.000"]
[BlackClock "0:01:00.000"]
[ECO "B27"]
[PlyCount "94"]
[Result "0-1"]

1. e4 c5 2. Nf3 g6 3. d3 Bg7 4. Nc3 d6 5. g3 Nd7 6. Bg2 Ngf6 7. O-O O-O 8. Bd2 a6 9. Qc1 Rb8 10. Bh6 b5 11. Bxg7 Kxg7 12. Nd5 b4 13. Qd2 Nxd5 14. exd5 Bb7 15. Ng5 Nf6 16. c4 bxc3 17. Qxc3 h6 18. Ne4 Ba8 19. Nxf6 exf6 20. Rfe1 Kg8 21. b3 f5 22. Rad1 Qb6 23. Re2 Qb4 24. Qc4 Qxc4 25. dxc4 a5 26. Rde1 Bb7 27. Re7 Ba6 28. Rd7 Rfe8 29. Rxe8+ Rxe8 30. Ra7 Re1+ 31. Bf1 Bc8 32. Rxa5 g5 33. Kg2 f4 34. a4 fxg3 35. hxg3 Re5 36. Ra8 Re8 37. a5 Bd7 38. a6 Rxa8 39. a7 Rxa7 40. Bd3 Ra3 41. Kf3 Rxb3 42. Ke2 Bf5 43. Ke3 Bxd3 44. Kd2 Ra3 45. Kc1 Ra2 46. Kd1 Rxf2 47. Kc1 Rg2 {White forfeits on time} 0-1

[Event "FICS rated blitz game"]
[Site "FICS freechess.org"]
[FICSGamesDBGameNo "20001013"]
[White "antimony"]
[Black "ChiaPet"]
[WhiteElo "1840"]
[BlackElo "1764"]
[WhiteRD "na"]
[BlackRD "na"]
[TimeControl "180+0"]
[Date "1999.06.21"]
[Time "12:28:00"]
[WhiteClock "0:03:00.000"]
[BlackClock "0:03:00.000"]
[ECO "A00"]
[PlyCount "144"]
[Result "1/2-1/2"]

1. e3 e5 2. d4 e4 3. c4 c6 4. Nc3 d5 5. cxd5 cxd5 6. b3 Nf6 7. a4 a6 8. Ba3 Bxa3 9. Rxa3 Nc6 10. Nge2 O-O 11. Ng3 Re8 12. Be2 Be6 13. O-O Rc8 14. Qd2 Qb6 15. Rb1 Nb4 16. Raa1 Nc6 17. b4 Nxb4 18. a5 Qd6 19. Qb2 Nc6 20. Qxb7 Rb8 21. Qxa6 Rxb1+ 22. Rxb1 Qa3 23. Nb5 Qa2 24. Re1 Nb4 25. Nc7 Nxa6 26. Nxe8 Qxa5 27. Nxf6+ gxf6 28. Rb1 Nb4 29. h3 Nd3 30. Nh5 Kf8 31. Nxf6 Kg7 32. Nh5+ Kg6 33. Ng3 Qa2 34. Bh5+ Kg7 35. Rf1 f5 36. h4 f4 37. exf4 Nxf4 38. Be8 Ne2+ 39. Nxe2 Qxe2 40. h5 e3 41. fxe3 Qxe3+ 42. Kh2 Qxd4 43. h6+ Kxh6 44. Bb5 Qh4+ 45. Kg1 d4 46. Bd3 Kg5 47. Rd1 Qg3 48. Kf1 Bg4 49. Rd2 Qe3 50. Rf2 Qxd3+ 51. Kg1 Qd1+ 52. Kh2 Qd3 53. Kg1 Qe3 54. Kf1 Qxf2+ 55. Kxf2 d3 56. Ke3 Be2 57. Kd2 Kg4 58. g3 Kxg3 59. Ke3 h5 60. Kd2 h4 61. Ke3 h3 62. Kd2 h2 63. Kc3 h1=Q 64. Kc4 d2+ 65. Kc5 Qe4 66. Kd6 Kf4 67. Kc7 Qg6 68. Kd7 Ke5 69. Kc7 Qd6+ 70. Kb7 Ke6 71. Kc8 Qe7 72. Kb8 Kd6 {Black ran out of time and White has no material to mate} 1/2-1/2

[Event "FICS rated lightning game"]
[Site "FICS freechess.org"]
[FICSGamesDBGameNo "20001012"]
[White "Senkath"]
[Black "kubu"]
[WhiteElo "1814"]
[BlackElo "2041"]
[WhiteRD "na"]
[BlackRD "na"]
[TimeControl "60+0"]
[Date "1999.06.21"]
[Time "06:39:00"]
[WhiteClock "0:01:00.000"]
[BlackClock "0:01:00.000"]
[ECO "C24"]
[PlyCount "84"]
[Result "0-1"]

1. e4 e5 2. Bc4 Nf6 3. d3 c6 4. Bg5 d5 5. Nc3 dxc4 6. dxc4 Qxd1+ 7. Rxd1 Nbd7 8. Nf3 Bb4 9. O-O Bxc3 10. bxc3 Nxe4 11. Bh4 f6 12. Rfe1 Nxc3 13. Rd3 Na4 14. Bg3 Nac5 15. Rdd1 Ke7 16. Nh4 g6 17. f3 Nf8 18. Bf2 Nfe6 19. g3 Rd8 20. Ng2 Rxd1 21. Rxd1 Bd7 22. Ne3 Be8 23. Ng4 h5 24. Ne3 Rd8 25. Rxd8 Kxd8 26. Nd1 Kc7 27. Nc3 f5 28. f4 e4 29. Ne2 Kb6 30. a3 Ka5 31. Kg2 Ka4 32. Kh3 Kxa3 33. Kh4 Kb2 34. Bxc5 Nxc5 35. Kg5 Kxc2 36. Nd4+ Kd3 37. Nxf5 gxf5 38. Kxf5 e3 39. Kf6 e2 40. Ke7 e1=Q+ 41. Kf8 Qe6 42. g4 Qf7# {White checkmated} 0-1

[Event "FICS rated blitz game"]
[Site "FICS freechess.org"]
[FICSGamesDBGameNo "20001011"]
[White "columbus"]
[Black "Moller"]
[WhiteElo "1799"]
[BlackElo "1728"]
[WhiteRD "na"]
[BlackRD "na"]
[TimeControl "300+0"]
[Date "1999.06.21"]
[Time "01:57:00"]
[WhiteClock "0:05:00.000"]
[BlackClock "0:05:00.000"]
[ECO "B07"]
[PlyCount "105"]
[Result "1-0"]

1. e4 d6 2. d4 Nf6 3. Nc3 c6 4. Be2 g6 5. f4 Bg7 6. h3 O-O 7. Nf3 Nh5 8. g4 Ng3 9. Rg1 Nxe2 10. Qxe2 Qb6 11. Qe3 Nd7 12. h4 e5 13. dxe5 dxe5 14. Qxb6 axb6 15. f5 b5 16. Be3 b6 17. h5 Nc5 18. hxg6 fxg6 19. Nd2 Rd8 20. b4 Na4 21. Nxa4 Rxa4 22. Bxb6 Rf8 23. c3 Bd7 24. Ba5 Be8 25. Nb3 Bf7 26. Nc1 Bc4 27. Kd2 Rf7 28. Kc2 Rd7 29. Rd1 Rxd1 30. Kxd1 Bh6 31. a3 Bf4 32. Ne2 Be3 33. Kc2 Bxe2 34. Kb2 Bc4 35. Rd1 Kf7 36. Rd6 Ke7 37. Rxc6 Kd7 38. Rf6 Ke7 39. Ra6 Kd7 40. Ra7+ Bxa7 41. g5 Rxa5 42. bxa5 gxf5 43. exf5 Bd3 44. g6 Bxf5 45. g7 Be6 46. c4 bxc4 47. a4 Ke7 48. Kc3 Kf7 49. a6 Kxg7 50. a5 Bc8 51. Kb4 Bxa6 52. Kc3 Bb8 53. Kb4 {Black forfeits on time} 1-0

[Event "FICS rated blitz game"]
[Site "FICS freechess.org"]
[FICSGamesDBGameNo "20001010"]
[White "Foreverbest"]
[Black "Huey"]
[WhiteElo "1572"]
[BlackElo "1727"]
[WhiteRD "na"]
[BlackRD "na"]
[TimeControl "180+0"]
[Date "1999.06.21"]
[Time "01:32:00"]
[WhiteClock "0:03:00.000"]
[BlackClock "0:03:00.000"]
[ECO "C02"]
[PlyCount "56"]
[Result "0-1"]

1. e4 e6 2. d4 d5 3. Nf3 c5 4. e5 Nc6 5. c3 Qb6 6. Bd3 Bd7 7. Bc2 f6 8. exf6 Nxf6 9. Bf4 Be7 10. O-O cxd4 11. cxd4 O-O 12. Be5 Rad8 13. b3 Nb4 14. Nc3 Nxc2 15. Qxc2 Rc8 16. Qd2 Bb4 17. Rac1 Ne4 18. Qd3 Bxc3 19. Nh4 Bb4 20. f3 Nf6 21. Qe3 Be7 22. g4 Bb5 23. Rfd1 Nd7 24. g5 Nxe5 25. f4 Ng4 26. Qg3 Rxc1 27. Rxc1 Qxd4+ 28. Kg2 Qd2+ {White resigns} 0-1

[Event "FICS rated blitz game"]
[Site "FICS freechess.org"]
[FICSGamesDBGameNo "20001009"]
[White "clockwork"]
[Black "pion"]
[WhiteElo "1440"]
[BlackElo "1480"]
[WhiteRD "na"]
[BlackRD "na"]
[TimeControl "300+0"]
[Date "1999.06.21"]
[Time "01:08:00"]
[WhiteClock "0:05:00.000"]
[BlackClock "0:05:00.000"]
[ECO "A16"]
[PlyCount "34"]
[Result "1-0"]

1. c4 Nf6 2. Nc3 d5 3. cxd5 Nxd5 4. g3 g6 5. Bg2 c6 6. Nf3 Bg7 7. O-O O-O 8. Nxd5 cxd5 9. d3 Nc6 10. Rb1 Bf5 11. b3 Rc8 12. Bb2 Nb4 13. Bxg7 Kxg7 14. a3 Nc6 15. Rc1 e5 16. Nd2 Qd7 17. d4 Nxd4 {Black resigns} 1-0

[Event "FICS rated standard game"]
[Site "FICS freechess.org"]
[FICSGamesDBGameNo "20001008"]
[White "Bruiser"]
[Black "bward"]
[WhiteElo "1867"]
[BlackElo "1569"]
[WhiteRD "na"]
[BlackRD "na"]
[TimeControl "900+0"]
[Date "1999.06.20"]
[Time "23:56:00"]
[WhiteClock "0:15:00.000"]
[BlackClock "0:15:00.000"]
[ECO "E61"]
[PlyCount "59"]
[Result "1-0"]

1. d4 Nf6 2. Nf3 g6 3. c4 Bg7 4. Nc3 O-O 5. e3 d6 6. Bd3 Nbd7 7. O-O e5 8. Qc2 Nb6 9. dxe5 dxe5 10. Nxe5 Qd6 11. Nf3 Be6 12. b3 Rad8 13. Rd1 Nbd7 14. Bb2 Bg4 15. Be2 Qc6 16. Nd4 Bf5 17. Nxf5 gxf5 18. Qxf5 Bh6 19. Bf3 Qc5 20. Qxc5 Nxc5 21. Be2 a6 22. b4 Ne6 23. Rxd8 Rxd8 24. Rd1 Ra8 25. Nd5 Ne4 26. Nf6+ Nxf6 27. Bxf6 Bg7 28. Bxg7 Kxg7 29. f3 c5 30. a3 {Black forfeits on time} 1-0

[Event "FICS rated blitz game"]
[Site "FICS freechess.org"]
[FICSGamesDBGameNo "20001007"]
[White "arimakel"]
[Black "Pelikaner"]
[WhiteElo "1588"]
[BlackElo "1665"]
[WhiteRD "na"]
[BlackRD "na"]
[TimeControl "240+0"]
[Date "1999.06.20"]
[Time "19:59:00"]
[WhiteClock "0:04:00.000"]
[BlackClock "0:04:00.000"]
[ECO "E12"]
[PlyCount "162"]
[Result "1-0"]

1. d4 Nf6 2. c4 e6 3. Nf3 b6 4. a3 Bb7 5. Nc3 d6 6. Qc2 Nbd7 7. e4 e5 8. d5 Be7 9. Bd3 O-O 10. b4 a5 11. Bb2 axb4 12. axb4 Rxa1+ 13. Bxa1 c6 14. O-O cxd5 15. cxd5 Qc7 16. Rc1 Rc8 17. Qd2 Qb8 18. Bb2 Qa8 19. Ra1 Qb8 20. Nb5 Ne8 21. Ne1 Nc7 22. Qe3 Nxb5 23. Bxb5 Qc7 24. Rc1 Qd8 25. Rxc8 Bxc8 26. Nc2 Qc7 27. Qc3 Qxc3 28. Bxc3 Nb8 29. Na3 Ba6 30. Bxa6 Nxa6 31. Nc4 b5 32. Na3 Nc7 33. Bd2 Kf8 34. Be3 Ke8 35. Bb6 Kd7 36. Bxc7 Kxc7 37. Nxb5+ Kb6 38. Nc3 Bd8 39. f3 Bc7 40. Kf2 Bd8 41. Ke2 Bc7 42. Kd3 Bd8 43. Kc4 Bc7 44. g3 f6 45. Na4+ Ka6 46. Nb2 Kb6 47. Nd3 Ka6 48. f4 Kb6 49. f5 g6 50. g4 gxf5 51. gxf5 Bd8 52. Nf2 Be7 53. Ng4 Ka6 54. Nh6 Kb6 55. Nf7 Ka6 56. Nh6 Kb6 57. Ng4 Ka6 58. Ne3 Kb6 59. Nd1 Ka6 60. Nb2 Kb6 61. Nd3 Ka6 62. b5+ Kb6 63. Nb2 Ka5 64. Nd3 Kb6 65. Kb4 Bf8 66. Nb2 Bh6 67. Nc4+ Kc7 68. Ka5 Bf8 69. Ka6 Kb8 70. b6 Be7 71. Kb5 Bd8 72. Kc6 Be7 73. Nxd6 Bxd6 74. Kxd6 Kb7 75. Ke7 Kxb6 76. d6 Kc6 77. d7 Kc5 78. d8=Q Kc4 79. Qd5+ Kc3 80. Kd6 Kb4 81. Qc5+ Kb3 {Black resigns} 1-0

[Event "FICS rated blitz game"]
[Site "FICS freechess.org"]
[FICSGamesDBGameNo "20001006"]
[White "paval"]
[Black "Pepo"]
[WhiteElo "1526"]
[BlackElo "1613"]
[WhiteRD "na"]
[BlackRD "na"]
[TimeControl "120+12"]
[Date "1999.06.20"]
[Time "17:37:00"]
[WhiteClock "0:02:00.000"]
[BlackClock "0:02:00.000"]
[ECO "E20"]
[PlyCount "131"]
[Result "1-0"]

1. d4 Nf6 2. c4 e6 3. Nc3 Bb4 4. Bd2 c5 5. a3 cxd4 6. axb4 dxc3 7. Bxc3 O-O 8. Nf3 d5 9. cxd5 Nxd5 10. e4 Nxc3 11. bxc3 Qc7 12. Qc2 Nc6 13. Bd3 e5 14. O-O Bg4 15. Nd2 a6 16. h3 Be6 17. Ra3 Rac8 18. Rc1 Rfd8 19. Nb3 Bxb3 20. Rxb3 Qd6 21. Rd1 b5 22. Be2 Qc7 23. Ra1 Nd4 24. Qb2 Nxb3 25. Qxb3 Qxc3 26. Qxc3 Rxc3 27. Rxa6 Rb3 28. Bxb5 Rxb4 29. Bc6 h6 30. Bd5 Rb1+ 31. Kh2 Rb2 32. Kg3 Rdb8 33. Ra7 Rf8 34. Re7 Rb6 35. Rxe5 Kh7 36. Re7 f5 37. exf5 Rd6 38. Be6 Rd3+ 39. f3 Rd6 40. Kg4 Rd4+ 41. f4 Rd2 42. g3 Kh8 43. h4 Rd3 44. h5 Rfd8 45. Rf7 R3d6 46. Kh4 Re8 47. Kg4 Rd2 48. Ra7 Rh2 49. Rf7 Kg8 50. Rf6+ Kh7 51. Rg6 Rb8 52. f6 gxf6 53. Rxf6 Rb5 54. Rf7+ Kh8 55. Rf6 Rhxh5 56. Rf8+ Kg7 57. Rf7+ Kg6 58. f5+ Rhxf5 59. Rxf5 Rxf5 60. Bxf5+ Kf6 61. Kf4 Kg7 62. g4 Kf6 63. Bd3 Ke6 64. Kg3 Kf6 65. Kh4 Kg7 66. Kh5 {Black resigns} 1-0

[Event "FICS rated lightning game"]
[Site "FICS freechess.org"]
[FICSGamesDBGameNo "20001005"]
[White "Fideli"]
[Black "gaj"]
[WhiteElo "1583"]
[BlackElo "1669"]
[WhiteRD "na"]
[BlackRD "na"]
[TimeControl "60+0"]
[Date "1999.06.20"]
[Time "16:57:00"]
[WhiteClock "0:01:00.000"]
[BlackClock "0:01:00.000"]
[ECO "A40"]
[PlyCount "64"]
[Result "0-1"]

1. d4 e5 2. e3 exd4 3. Qxd4 d5 4. Qd1 Nc6 5. Nf3 Bg4 6. Bd3 Bxf3 7. gxf3 Nf6 8. Nc3 Bb4 9. Qe2 Bxc3+ 10. bxc3 Ne5 11. Bf5 c5 12. f4 O-O 13. fxe5 Ne4 14. Bxe4 dxe4 15. Qd2 Qh4 16. Qe2 f5 17. Qf1 f4 18. Qg2 f3 19. Qg3 Qe7 20. Bd2 Rfd8 21. Rd1 Rd7 22. Rg1 Rad8 23. Qg4 Qf7 24. Qxe4 Qxa2 25. e6 Re7 26. Qe5 g6 27. Qg5 Rde8 28. Qf4 Rxe6 29. Qxf3 Rf8 30. Qd5 Qxd5 31. c4 Qf5 32. Bc3 Qxf2# {White checkmated} 0-1

[Event "FICS rated blitz game"]
[Site "FICS freechess.org"]
[FICSGamesDBGameNo "20001004"]
[White "Wooky"]
[Black "simonw"]
[WhiteElo "1938"]
[BlackElo "1996"]
[WhiteRD "na"]
[BlackRD "na"]
[TimeControl "300+0"]
[Date "1999.06.20"]
[Time "10:06:00"]
[WhiteClock "0:05:00.000"]
[BlackClock "0:05:00.000"]
[ECO "D02"]
[PlyCount "68"]
[Result "0-1"]

1. d4 d5 2. Bf4 Nf6 3. Nf3 c5 4. e3 Nc6 5. c3 g6 6. Bd3 Bg7 7. Nbd2 O-O 8. h3 b6 9. O-O Bb7 10. a4 Rc8 11. Bc2 Ne8 12. Bh2 Nd6 13. Ne5 f6 14. Nxc6 Bxc6 15. a5 e5 16. a6 e4 17. Nb1 f5 18. Nd2 g5 19. f3 f4 20. fxe4 fxe3 21. e5 Rxf1+ 22. Nxf1 Nb5 23. Nxe3 cxd4 24. cxd4 Bd7 25. Nxd5 Bxh3 26. gxh3 Rxc2 27. Qxc2 Qxd5 28. Qc8+ Bf8 29. Qg4 h6 30. Rd1 Kg7 31. h4 Nxd4 32. Qxd4 Bc5 33. e6+ Bxd4+ 34. Rxd4 Qxd4+ {White resigns} 0-1

[Event "FICS rated lightning game"]
[Site "FICS freechess.org"]
[FICSGamesDBGameNo "20001003"]
[White "bengalTiger"]
[Black "moveonbackasqre"]
[WhiteElo "1314"]
[BlackElo "1180"]
[WhiteRD "na"]
[BlackRD "na"]
[TimeControl "0+4"]
[Date "1999.06.20"]
[Time "01:12:00"]
[WhiteClock "0:10.000"]
[BlackClock "0:10.000"]
[ECO "D00"]
[PlyCount "43"]
[Result "1-0"]

1. d4 d5 2. e3 Nf6 3. Bd3 Nc6 4. f4 Bg4 5. Nf3 Ne4 6. O-O f5 7. Nbd2 e6 8. b3 Qe7 9. Bb5 O-O-O 10. Nxe4 dxe4 11. Qe1 exf3 12. gxf3 Bh3 13. Rf2 Nb4 14. Ba3 c5 15. dxc5 Nd5 16. c4 Nc7 17. Ba4 b6 18. Bc6 bxc5 19. Qa5 Qd6 20. Rc1 Qxc6 21. Bxc5 Bxc5 22. Qc3 {Black forfeits on time} 1-0

[Event "FICS rated blitz game"]
[Site "FICS freechess.org"]
[FICSGamesDBGameNo "20001002"]
[White "sevensevens"]
[Black "embu"]
[WhiteElo "1169"]
[BlackElo "1445"]
[WhiteRD "na"]
[BlackRD "na"]
[TimeControl "300+0"]
[Date "1999.06.19"]
[Time "19:53:00"]
[WhiteClock "0:05:00.000"]
[BlackClock "0:05:00.000"]
[ECO "B10"]
[PlyCount "53"]
[Result "1-0"]

1. e4 c6 2. c4 d5 3. c5 dxe4 4. Nc3 Nf6 5. d3 exd3 6. Bxd3 g6 7. Bc4 Bg7 8. Qxd8+ Kxd8 9. Bf4 Bd7 10. O-O-O Ng4 11. Bg3 Bxc3 12. bxc3 Ke8 13. Nf3 Nf6 14. Be5 Bg4 15. Bxf6 exf6 16. Rde1+ Kf8 17. Nd4 Kg7 18. Re7 Nd7 19. Rxf7+ Kh6 20. h3 Ne5 21. hxg4+ Kg5 22. Nf3+ Kxg4 23. Nxe5+ fxe5 24. Be6+ Kg5 25. g3 Rhe8 26. f4+ exf4 27. gxf4# {Black checkmated} 1-0

[Event "FICS rated blitz game"]
[Site "FICS freechess.org"]
[FICSGamesDBGameNo "20001001"]
[White "SlayedSoul"]
[Black "bungler"]
[WhiteElo "1090"]
[BlackElo "1061"]
[WhiteRD "na"]
[BlackRD "na"]
[TimeControl "360+5"]
[Date "1999.06.19"]
[Time "18:17:00"]
[WhiteClock "0:06:00.000"]
[BlackClock "0:06:00.000"]
[ECO "C44"]
[PlyCount "132"]
[Result "0-1"]

1. e4 e5 2. Nf3 Nc6 3. d4 d6 4. d5 Nb4 5. h3 f5 6. Qe2 fxe4 7. Qxe4 a5 8. c3 Nf6 9. Qe2 Nc2+ 10. Qxc2 Nxd5 11. c4 Nb4 12. Qe2 a4 13. Na3 Bf5 14. Bg5 Nd3+ 15. Kd1 Qd7 16. g4 Bg6 17. Nb5 Ra5 18. Nc3 a3 19. b3 Be7 20. Bxe7 Qxe7 21. Ne4 Nf4 22. Qd2 Bxe4 23. Qxa5 Bxf3+ 24. Ke1 Bxh1 25. Qa8+ Kf7 26. Qxh8 Qh4 27. c5 dxc5 28. Bc4+ Kg6 29. Qe8+ Kf6 30. Qd8+ Kg6 31. Qxh4 Ng2+ 32. Kf1 Nxh4 33. Kg1 Bg2 34. Bd3+ Kg5 35. Bf1 Bd5 36. Rd1 Bc6 37. Rc1 b6 38. Rb1 e4 39. b4 c4 40. Bxc4 Nf3+ 41. Kf1 Nd2+ 42. Kg1 Nxb1 43. b5 Bb7 44. Kh2 Nd2 45. Be6 Kf6 46. Bf5 g6 47. Bd7 Nc4 48. Bc6 Bc8 49. f4 exf3 50. Kg3 Ne5 51. Bxf3 Nd3 52. Be2 Nb4 53. Kf4 Nxa2 54. g5+ Ke6 55. Bc4+ Kd6 56. Bxa2 Kc5 57. h4 Kxb5 58. Ke5 c5 59. Be6 Bxe6 60. Kxe6 c4 61. Kd5 c3 62. Kd4 c2 63. Kc3 c1=Q+ 64. Kb3 Kc5 65. Ka2 Kb4 66. h5 Qb2# {White checkmated} 0-1

[Event "FICS rated lightning game"]
[Site "FICS freechess.org"]
[FICSGamesDBGameNo "20001000"]
[White "Loomis"]
[Black "JohnnyWalker"]
[WhiteElo "1854"]
[BlackElo "1932"]
[WhiteRD "na"]
[BlackRD "na"]
[TimeControl "60+0"]
[Date "1999.06.19"]
[Time "16:57:00"]
[WhiteClock "0:01:00.000"]
[BlackClock "0:01:00.000"]
[ECO "B13"]
[PlyCount "56"]
[Result "0-1"]

1. d4 c5 2. e3 cxd4 3. exd4 d5 4. Bd3 Nf6 5. Nd2 Nc6 6. c3 Bg4 7. Qc2 e6 8. h3 Bh5 9. Ngf3 Bd6 10. O-O Rc8 11. Re1 O-O 12. Ne5 Nxd4 13. Qb1 Nc6 14. Nxc6 bxc6 15. Be2 Bxe2 16. Rxe2 Bb8 17. Nf3 Qd6 18. g3 Rfe8 19. Kg2 e5 20. Nh2 e4 21. Bf4 Qd7 22. Ng4 Bxf4 23. gxf4 Nxg4 24. Qe1 Nf6 25. Rd1 Nh5 26. c4 Nxf4+ 27. Kf1 Qxh3+ 28. Kg1 Qg2# {White checkmated} 0-1

[Event "FICS rated blitz game"]
[Site "FICS freechess.org"]
[FICSGamesDBGameNo "20000998"]
[White "snob"]
[Black "jwilled"]
[WhiteElo "1443"]
[BlackElo "1407"]
[WhiteRD "na"]
[BlackRD "na"]
[TimeControl "180+0"]
[Date "1999.06.19"]
[Time "12:00:00"]
[WhiteClock "0:03:00.000"]
[BlackClock "0:03:00.000"]
[ECO "A04"]
[PlyCount "52"]
[Result "1-0"]

1. Nf3 e6 2. Nc3 c5 3. d4 cxd4 4. Nxd4 Nc6 5. e4 Nxd4 6. Qxd4 Nf6 7. Bg5 Be7 8. e5 Nh5 9. Bxe7 Qxe7 10. Be2 g6 11. O-O-O Ng7 12. f4 O-O 13. g4 b6 14. f5 Bb7 15. Rhf1 exf5 16. gxf5 Nxf5 17. Qg4 Ng7 18. Rxd7 Rab8 19. Rxe7 Ne6 20. Bc4 h5 21. Qh3 Ng5 22. Bxf7+ Nxf7 23. Qe6 Rbd8 24. Rexf7 Rxf7 25. Qxf7+ Kh8 26. Qxb7 Rd5 {Black resigns} 1-0